[Event "44th Chess Olympiad Open 2022"]
[Site "Chennai"]
[Date "2022.08.06"]
[Round "8.39"]
[White "Miguel, Sergio"]
[Black "Bastidas Rodriguez, Emilio"]
[Result "0-1"]
[WhiteElo "2274"]
[BlackElo "2351"]
[Annotator "TA"]
[PlyCount "72"]
[EventDate "2022.??.??"]
[TimeControl "60"]

1. e4 c5 2. Nf3 d6 3. d4 cxd4 4. Nxd4 Nf6 5. Nc3 a6 6. h3 e6 7. g4 d5 8. exd5 Nxd5 9. Bd2 {[%emt 0:00:37] B81: Sicilian Scheveningen: Keres
Attack.} Bc5 10. Nb3 Be7 11.
Bg2 {[%emt 0:04:50] White is slightly better.} O-O 12. O-O {
[%emt 0:00:51] [#]} Nb6 $146 ({Predecessor:} 12... Nxc3 13.
Bxc3 Nc6 14. Qe2 Qc7 15. Rad1 Bd7 16. Rfe1 {½-½ (16) Young,A (2042)-Heaven,P
Cardiff 2014}) 13. Qe2 (13. Bf4 $1 $14) 13... Qc7 $11 14. Rad1 Bd7 15. Bc1 Bc6 16. Ne4 $2 {[%emt 0:00:37] Loses the game.
} (16. Be4 $11 {and White has nothing to worry.}) 16... Bb5 $19 17. Rd3 Nc6 18. Nc3 Bxd3 19. Qxd3 Nb4 20. Qe2 Rad8 21. Na5 N6d5 22. Nxd5 exd5 23. c3 {[%emt 0:06:49]
[#]} Rfe8 $1 24. Nxb7 (24. Nb3 Bg5) 24...
Qxb7 25. cxb4 Bxb4 26. Qd3 Qb5 27. Qxb5 axb5 28. a3 (28. Rd1 $142) 28... Be1 29.
Be3 {[%emt 0:03:18] [#]} d4 $1 30. Rxe1 {[%emt 0:00:06]
aiming for Bd2.} dxe3 31. fxe3 {[%emt 0:00:46] Endgame KRR-KRB
} Rd2 32. Bc6 Re5 33. b3 Rc2 34. Rd1 $2 (34. Bg2)
34... g6 {[%emt 0:00:25] Black is clearly winning.} 35. Bd7 Rxe3 36. Bxb5 Rg3+ {[%emt 0:00:42] Weighted
Error Value: White=0.42/Black=0.08 (flawless)} 0-1

[Event "44th Chess Olympiad Open 2022"]
[Site "Chennai"]
[Date "2022.08.06"]
[Round "8.39"]
[White "Lutuima, Amaro"]
[Black "Esmeraldas Huachi, Anderson"]
[Result "0-1"]
[WhiteElo "2048"]
[BlackElo "2071"]
[Annotator "NA RC"]
[PlyCount "60"]
[EventDate "2022.??.??"]
[TimeControl "60"]

1. e4 c5 2. Nc3 Nc6 3. Nf3 g6 4. Bc4 Bg7 5. O-O e6 6. Nb5 d6 7. d4 a6 8. d5 axb5 9. Bxb5 Ra5 10. Bxc6+ bxc6 11. Bg5 Qc7 12. dxe6 fxe6 13. e5 d5 14. Qd2 h6 15. Bh4 g5 16. Bg3 Ne7 17. h4 g4 18.
Nh2 h5 19. Rfe1 Nf5 20. Bf4 Nxh4 21. g3 Ng6 22. f3 gxf3 23.
Nxf3 Nxf4 24. gxf4 Bh6 25. Nh4 Ra4 26. Ng2 Ba6 27. c4 Rxc4 28.
Rac1 Rd4 29. Qc2 Rg8 30. Rcd1 Rxf4 0-1

[Event "44th Chess Olympiad Open 2022"]
[Site "Chennai"]
[Date "2022.08.06"]
[Round "8.40"]
[White "Gourlay, Iain"]
[Black "Sultan, Ibrahim"]
[Result "1/2-1/2"]
[WhiteElo "2321"]
[BlackElo "2108"]
[Annotator "RC"]
[PlyCount "89"]
[EventDate "2022.??.??"]
[TimeControl "60"]

1. d4 d5 2. Nf3 Nf6 3. g3 Bf5 4. Bg2 e6 5. c4 c6 6. Nc3 Be7 7. Qb3 Qb6 8. c5 Qxb3 9. axb3 O-O 10. b4 a6 11. h3 h6 12. g4 Bh7 13.
Bf4 Nbd7 14. Nd2 Rfe8 15. Nb3 Bd8 16. b5 Bc2 17. bxc6 bxc6 18. Na5 Bxa5 19. Rxa5 e5 20. dxe5 Nxe5 21. Bxe5 Rxe5 22. Kd2 Bb3 23. e3 Rb8 24. Rxa6 Bc4 25. Rb6 Ree8 26. Bf1 Bxf1 27. Rxf1 Rxb6 28. cxb6 Nd7 29. Na4 Re4 30. b3 Rb4 31. Kc3 Rb5 32. e4 dxe4 33. Re1 Nf6 34. Kc4 Kf8 35. Nc5 Rxb6 36. Nxe4 Nxe4 37. Rxe4 Rb5 38. f4 g6 39. b4 Rd5 40. Re3 h5 41. Re4 hxg4 42. hxg4 f5 43.
Re6 fxg4 44. Rxc6 Rf5 45. Rxg6 1/2-1/2

[Event "44th Chess Olympiad Open 2022"]
[Site "Chennai"]
[Date "2022.08.06"]
[Round "8.40"]
[White "Tate, Alan"]
[Black "Abdulrahman Mohammad, Al Taher"]
[Result "0-1"]
[WhiteElo "2313"]
[BlackElo "2029"]
[Annotator "RC"]
[PlyCount "112"]
[EventDate "2022.??.??"]
[TimeControl "60"]

1. e4 c5 2. Nf3 Nc6 3. d4 cxd4 4. Nxd4 g6 5. c4 Nf6 6. Nc3 Nxd4 7. Qxd4 d6 8. Be3 Bg7 9. f3 O-O 10. Qd2 Be6 11. Rc1 Qa5 12. b3 Rfc8 13.
g4 a6 14. g5 Nd7 15. Nd5 Qxd2+ 16. Kxd2 Bxd5 17. exd5 b5 18.
cxb5 Rxc1 19. Kxc1 axb5 20. Kb1 b4 21. Bh3 Nc5 22. Bd2 Nxb3 23.
Bxb4 Rb8 24. axb3 Rxb4 25. Kc2 Rb5 26. Bd7 Rc5+ 27. Kb1 Rxd5 28. Rc1 Rc5 29. b4 Rxc1+ 30. Kxc1 Be5 31. h4 Bg3 32. Kd2 Bxh4 33.
f4 Bg3 34. Ke3 Be1 35. b5 Ba5 36. Ke4 e6 37. Kf3 Kg7 38. Be8 f6 39. Bd7 Kf7 40. Bc8 e5 41. fxe5 dxe5 42. Ke4 fxg5 43. Kxe5 Bc7+ 44. Ke4 Kf6 45. Bd7 h5 46. Be8 g4 47. Bd7 Kg5 48. Ke3 h4 49. Kf2 h3 50.
Kg1 Kh4 51. b6 Bxb6+ 52. Kh1 Bc7 53. Bc6 g3 54. Bd5 g2+ 55.
Bxg2 hxg2+ 56. Kxg2 g5 0-1

[Event "44th Chess Olympiad Open 2022"]
[Site "Chennai"]
[Date "2022.08.06"]
[Round "8.40"]
[White "Al Hosani, Omran"]
[Black "Greet, Andrew N"]
[Result "0-1"]
[WhiteElo "2215"]
[BlackElo "2392"]
[Annotator "TA"]
[PlyCount "114"]
[EventDate "2022.??.??"]
[TimeControl "60"]

1. d4 e6 2. c4 f5 3. Nc3 Nf6 4. a3 b6 5. Bf4 g6 {[%emt 0:09:12]
[#]} 6. e3 $146 {[%emt 0:01:55] A85: Dutch Defence: 2 c4 Nf6 3 Nc3.} ({
Predecessor:} 6. h4 Bg7 7. h5 Nxh5 8. Rxh5 gxh5 9. e4 O-O 10. e5 Nc6 11. Qxh5
Nxd4 12. O-O-O c5 {1-0 (35) Ganguly,S (2650)-McShane,L (2640) Riadh 2017}) 6...
Bg7 {[%emt 0:00:41] [#]} (6... Bb7 $14) 7. Nh3 (7. Qf3 $1 $16 d5 8. cxd5 exd5 9. Nb5) 7... Bb7 8. Bg3 {
[%emt 0:04:06] The position is equal.} O-O 9. Qc2 Ne4 10. Nxe4 Bxe4 11.
Qd2 Bb7 12. Nf4 c5 13. dxc5 Na6 14. Nd3 Nxc5 15. Nxc5 bxc5 16. Bd6 Qb6 $1 17. Bxf8 Rxf8 18. Rb1 {[%emt 0:09:28] White is on the road to losing.}
Be4 19. Bd3 Bxg2 20. Rg1 Bc6 21. b4 (21. h4 $15) 21...
Qc7 $36 {[%emt 0:00:53] Black is in control.} 22. Rg3 (22. f4
$17 {was called for.}) 22... f4 $19 23. exf4 Rxf4 24. bxc5 $2 (24. b5 Bb7 25. Qe2) 24...
Bd4 $1 25. f3 Bxf3 {[%emt 0:03:
39] Hoping for ...Qe5+. A strong pair of Bishops.} 26. Be2 (
26. Qb4 $142 Bh5 27. Be2 (27. Qb8+ $2 Rf8 $19) 27... Bf2+ 28. Kd2 Bxg3 29. hxg3
) 26... Qe5 {[%emt 0:06:46] And now ... Bc3 would win.} 27. Rb8+ Kg7 {[%emt 0:06:06] aiming for ... Bc3.} 28. Rxf3 Rxf3 {
[%emt 0:00:06] [#] Discovered Attack} 29. Kd1 Rxa3 {[%emt 0:
00:33] Active counter play!} 30. Rb1 Qxc5 (
30... Qe4 $142 31. Rc1 Qh1+ 32. Kc2 Ra2+ 33. Kb1 Rxd2 34. Rxh1 Rxe2) 31. Qb4 Ra1 32. Qb7 (32. Qxc5 Rxb1+
33. Kc2 Bxc5 34. Kxb1) 32... Rxb1+ 33. Qxb1 {[%emt 0:00:08]
Endgame KQB-KQB} Be5 34. Qb7 Qd4+ 35. Kc2 Bxh2 36. Qb5 Bg1 37. Qb4 Qc5 {[%emt 0:02:18] Prevents
Qe7+.} 38. Qb7 Qd6 39. Bd3 Bc5 40. Qc8 (40. Qb5 $142) 40... a5 {[%emt 0:
01:07] ...Bb4 is the strong threat.} 41. Qa8 Bb4 42. Qa7 {[%emt 0:00:13] Prevents Qd4.} e5 (42... Qe5 $142
{( -> ... Qc3+)} 43. Qxd7+ Kh6) 43. Qa8 Qd4 44. Qf3 $2 (44. Qd5 $19) 44... a4 (44... Qc3+
$142 45. Kb1 Bc5 46. Qh3 Kg8 47. Qf3 Bd4 48. Qd5+ Kh8 49. Qb7 Qxd3+ 50. Kc1
Qxc4+ 51. Kd1 Qa4+ 52. Kc1 Qc4+ 53. Kd1 Qa4+ 54. Kc1 Qc4+) 45. Be4 Qxc4+ {[%emt 0:02:08] Black mates.} 46. Kb1 Qb3+ 47. Qxb3 axb3 {[%emt 0:00:03] KB-KB} 48. Kb2 h5 49. Kxb3 Bc5 50. Kc4 d6 51. Bf3 Kh6 52. Kd3 g5 53. Ke4 g4 54. Be2 Kg5 55. Bd1 h4 56. Be2 h3 57. Bf1 Kh4 {
[%emt 0:00:32] Weighted Error Value: White=1.05/Black=0.76} 0-1

[Event "44th Chess Olympiad Open 2022"]
[Site "Chennai"]
[Date "2022.08.06"]
[Round "8.40"]
[White "Mohamed Saeed Laily"]
[Black "Olson, Hamish"]
[Result "0-1"]
[WhiteElo "2030"]
[BlackElo "2343"]
[Annotator "RC"]
[PlyCount "124"]
[EventDate "2022.??.??"]
[TimeControl "60"]

1. d4 d5 2. Bf4 c5 3. e3 cxd4 4. exd4 Nc6 5. c3 Bf5 6. Bd3 Bxd3 7. Qxd3 e6 8. Nd2 Bd6 9. Ne2 Nf6 10. O-O O-O 11. Qf3 Rc8 12. Nc1 e5 13.
dxe5 Nxe5 14. Bxe5 Bxe5 15. Nd3 Bb8 16. Nb3 Ne4 17. Rad1 Ng5 18.
Qh5 Rc6 19. f4 Qb6+ 20. Nd4 Ne6 21. Qxd5 Rd8 22. Qb5 Nxd4 23. Qxb6 Rxb6 24. cxd4 Rbd6 25. Nc5 Rxd4 26. Rxd4 Rxd4 27. Nxb7 Bc7 28. Rc1 Bb6 29. Kf1 Rxf4+ 30. Ke2 g6 31. Nc5 Kg7 32. g3 Rd4 33. Rc2 h5 34. a3 h4 35. b4 Kh6 36. Rc3 f5 37. Kf3 Rd2 38.
gxh4 Rxh2 39. Rc4 Rh3+ 40. Kg2 Rxa3 41. Ne6 Re3 42. Ng5 Kh5 43. Nf3 Re4 44. Rc8 Kg4 45. Rc2 Rxb4 46. Ne5+ Kxh4 47. Nxg6+ Kg5 48. Ne5 Re4 49. Nf3+ Kf4 50. Rb2 Ra4 51. Re2 Ra3 52. Ne1 Re3 53. Rf2+ Kg4 54. Nf3 f4 55. Nh2+ Kf5 56. Nf1 Re1 57. Rf3 Re2+ 58. Kh1 Kg4 59. Rb3 Re1 60. Kg2 f3+ 61. Kh2 Rxf1 62. Rxb6 Rf2+ 0-1

[Event "44th Chess Olympiad Open 2022"]
[Site "Chennai"]
[Date "2022.08.06"]
[Round "8.41"]
[White "Gemy, Jose Daniel"]
[Black "Rakotomaharo, Fy Antenaina"]
[Result "1/2-1/2"]
[WhiteElo "2373"]
[BlackElo "2490"]
[Annotator "TA"]
[PlyCount "113"]
[EventDate "2022.??.??"]
[TimeControl "60"]

1. e4 c5 2. Nf3 e6 3. d4 cxd4 4. Nxd4 Nf6 5. Nc3 Nc6 6. Nxc6 bxc6 7. e5 Nd5 8. Ne4 Bb7 9. c4 {
[%emt 0:10:23] B45: Sicilian Four Knights.} Nb4 10. a3 Qa5 11. Nc3 (11. Nd6+ Bxd6
12. Qxd6 Nd3+ 13. Ke2 Nxe5 $17) 11... Qxe5+ 12. Be2 Na6 13. f4 {[%emt 0:00:12] [#]} Qd6 $146 ({Predecessor:} 13... Qf6 14. Bf3 d5 15. cxd5 exd5 16. O-O Bc5+ 17. Kh1
O-O 18. Ne2 Bb6 19. Ng3 Nc5 {0-1 (91) Karttunen,M (2480)-Grachev,B (2615)
Chess.com INT 2021}) 14. Qc2 Be7 15. Be3 {
[%emt 0:01:21] Inhibits Qd4.} O-O 16. Bd3 f5 17. O-O-O Qc7 18. g4 Qa5 (18... Nc5 $11) 19.
gxf5 $16 exf5 20. Bd2 Nc5 21. Bxf5 Rxf5 22. Nd5 $1 Qd8 23. Nxe7+ Qxe7 24. Qxf5 Nb3+ $1 25. Kb1 Nxd2+ (25... c5 $2
26. Rhe1 Nxd2+ 27. Ka2 $18 (27. Kc2 $2 Be4+ 28. Kc3 Bxf5 $19)) 26. Rxd2 c5 {[%emt 0:00:07] Threatens to win with ...Be4+.} 27. Rd5 $1 {
[%emt 0:00:04] Black must now prevent Re5.} Rf8 28. Qe5 (28. Qd3 $5 d6 29. Rd1 $1 $14) 28... Qxe5 29. fxe5 Bxd5 30. cxd5 $11 {
[%emt 0:00:05] Endgame KR-KR} Rf2 31. Rc1 (
31. e6 $11 dxe6 32. dxe6) 31... Rxh2 $17 32. Rxc5 (32. e6 $17 dxe6 33. dxe6) 32... Re2 $1 $19 33. Rc8+ ({Reject} 33. Rc7 Rxe5 34. Rxd7 g5) 33... Kf7 34. Rc7 (34. e6+ $142 dxe6 35. Rh8 (35. Rc7+ Kf6 $17)) 34...
Rxe5 35. Rxd7+ Re7 36. Rd8 h5 37. d6 {[%emt 0:00:21] [#]} Rb7 (37... Re8 $1 $19 38. Rd7+ Kf6 39. Rxa7 h4) 38. Kc2 $15 Ke6 39. Rh8 $2 (39. Kc3 $15)
39... g6 $19 (39... Kxd6 40. Rxh5 Ke6 41. Rh7 $11) 40. Rg8 Kf6 ({Weaker is} 40... Kxd6 41. Rxg6+ Kc5 42.
Rg5+ Kb6 43. Rxh5 $14) (40... Kf5 $19 {...Rd7 is the strong threat.} 41. Rf8+
Kg4) 41. Rd8 $17 {[%emt 0:17:27] Against Rd7} Rh7 42. d7 $2 {
[%emt 0:02:19] [#]} (42. Kd2 $15) 42... Kg5 $1 $19 {[%emt 0:02:26] Hoping for .
..h4.} 43. b4 $2 (43. Kd3 h4 44. Ke3) 43... h4 44. b5 h3 45. a4 h2 $2 (45... Kh4 $19 46. Rg8 Rxd7 47. Rxg6 Rh7) 46. Rf8 $11 Rxd7 47. Rh8 Rd4 48.
Rxh2 Rxa4 {[%emt 0:00:02] ( -> ...Ra2+)} 49. Kb3 {[%emt 0:00:
13] Prevents Ra2.} (49. Kd3 $11 {keeps the balance.}) 49... Rh4 ({Better is} 49... Ra1 $17 {And now ... Kf4 would win.} 50. Rg2+ Kf5 51. Rf2+
Kg5 52. Rg2+ Kf6 53. Rf2+ Kg7) 50. Rg2+ $1 {[%emt 0:00:05] The position is
equal.} Kf5 51. Rf2+ $1 Ke6 52. Rg2 Rh3+ 53. Kb4 $1 Kf5 54. Rf2+ $1 Ke6 55. Re2+ Kf6 {[%emt 0:00:03] Strongly threatening ...g5.} 56. Rf2+ Ke6 57. Re2+ {[%emt 0:00:00] White happily
takes the draw. Weighted Error Value: White=0.50/Black=0.25 (precise)} 1/2-1/2

[Event "44th Chess Olympiad Open 2022"]
[Site "Chennai"]
[Date "2022.08.06"]
[Round "8.41"]
[White "Mendoza, Rodrigo"]
[Black "Rakotomaharavo, Dylan"]
[Result "1-0"]
[WhiteElo "2215"]
[BlackElo "1948"]
[Annotator "NA RC"]
[PlyCount "81"]
[EventDate "2022.??.??"]
[TimeControl "60"]

1. d4 Nf6 2. c4 e6 3. Nf3 d5 4. Qc2 Be7 5. Nbd2 O-O 6. e3 Nbd7 7. b3 c5 8.
dxc5 Nxc5 9. Bb2 b6 10. Be2 Bb7 11. O-O Rc8 12. Rfd1 Qe8 13.
Bd4 dxc4 14. Nxc4 b5 15. Nce5 Na4 16. Qd3 Be4 17. Qxb5 Qxb5 18. Bxb5 Nc3 19. Bxc3 Rxc3 20. Bc4 h6 21. Nd4 Bc5 22. h3 Rc8 23. Rac1 Rxc1 24. Rxc1 Bd6 25. Nxf7 Ba3 26. Nd6 Rxc4 27. Rxc4 Bxd6 28. Nb5 Bf8 29. Nxa7 Bb1 30. Ra4 Nd5 31. Nb5 Kf7 32. Ra7+ Kf6 33. a4 Ba2 34. Nd4 e5 35. Ra6+ Kf7 36. Nf3 Bxb3 37. Nxe5+ Kg8 38. Ra8 Nc7 39. Rc8 Bxa4 40. Rxc7 Kh7 41. Nf3 1-0

[Event "44th Chess Olympiad Open 2022"]
[Site "Chennai"]
[Date "2022.08.06"]
[Round "8.41"]
[White "Razanadrakotoarisoa, Toavina"]
[Black "Pinto, Daniel"]
[Result "0-1"]
[WhiteElo "2039"]
[BlackElo "2249"]
[Annotator "NA RC"]
[PlyCount "84"]
[EventDate "2022.??.??"]
[TimeControl "60"]

1. e4 e5 2. Nf3 Nc6 3. Bc4 Nf6 4. d3 Bc5 5. O-O d6 6. c3 a5 7. Re1 h6 8. a4 O-O 9. Nbd2 Be6 10. Qb3 Qd7 11. Nf1 Bg4 12. Qd1 Ne7 13.
h3 Be6 14. Bxe6 fxe6 15. Ng3 Ng6 16. Qc2 Nh7 17. d4 exd4 18.
Nxd4 Nf4 19. Be3 Kh8 20. Rad1 Rf7 21. e5 Nd5 22. exd6 Bxd4 23. Bxd4 cxd6 24. Qg6 Nf4 25. Qg4 Raf8 26. Ne4 h5 27. Qh4 Qc6 28. g3 e5 29. gxf4 Rxf4 30. Qxh5 Rxe4 31. Rxe4 Qxe4 32. Be3 Qc6 33. Qg4 d5 34. Qh5 Qe6 35. Qg4 Qc6 36. Qg2 Rd8 37. Qf3 Kg8 38. b3 Rd7 39. b4 axb4 40. cxb4 Qg6+ 41. Qg2 Qf7 42. Bb6 Rd6 0-1

[Event "44th Chess Olympiad Open 2022"]
[Site "Chennai"]
[Date "2022.08.06"]
[Round "8.41"]
[White "Rajerison, Mananihaja Charly"]
[Black "Bolanos, Fernando"]
[Result "0-1"]
[WhiteElo "1912"]
[BlackElo "2258"]
[Annotator "RC"]
[PlyCount "76"]
[EventDate "2022.??.??"]
[TimeControl "60"]

1. e4 c5 2. Nf3 d6 3. d4 cxd4 4. Nxd4 Nf6 5. Nc3 a6 6. Bc4 e6 7. Bb3 Be7 8. O-O b5 9. Qf3 Qb6 10. Be3 Qb7 11. Rfe1 O-O 12. Bg5 Nbd7 13. Qg3 b4 14. Na4 Nxe4 15. Rxe4 Bxg5 16. Rg4 Bf6 17. Nf3 Ne5 18. Rf4 Nxf3+ 19. Rxf3 Be5 20. Qh4 Bd7 21. Re1 Rac8 22. Rh3 h6 23. Rxe5 dxe5 24. Rg3 Kh8 25. Qg4 Rg8 26. Qh5 Bxa4 27. Bxa4 Qe4 28. Re3 Qf5 29. Qe2 Rgd8 30. h3 Qf4 31. Rf3 Qc1+ 32. Kh2 f6 33. c3 bxc3 34. bxc3 Rxc3 35. g3 Rd2 36. Rxc3 Qxc3 37. Qe1 Qd4 38. Kg1 Rxa2 0-1

[Event "44th Chess Olympiad Open 2022"]
[Site "Chennai"]
[Date "2022.08.06"]
[Round "8.42"]
[White "Nielsen, Hogni Egilstoft"]
[Black "Masango, Spencer"]
[Result "1/2-1/2"]
[WhiteElo "2414"]
[BlackElo "2170"]
[Annotator "TA"]
[PlyCount "102"]
[EventDate "2022.??.??"]
[TimeControl "60"]

1. e4 e5 2. Nf3 Nc6 3. Bc4 Bc5 4. O-O Nf6 5. d3 O-O 6.
Nbd2 {[%emt 0:04:56] C50: Hungarian Defence and Giuoco Pianissimo.} a6 7. c3 Ba7 {[%emt 0:02:26] seems to push 7...
d6 aside.} 8. Re1 Ng4 9. Re2 d6 10. h3 Nf6 11. Bb3 Nh5 12. Nf1 Qf6 13. Bg5 Qg6 {[%emt 0:00:27][%cal Yc8h3] [#]}
14. Kh1 $146 ({Predecessor:} 14. Qd2 h6 15. g4 hxg5 16. gxh5
Qxh5 17. Nxg5 Bxh3 18. Nxh3 Qxh3 19. Nh2 g6 20. Qg5 {0-1 (69) Dokmanovic,
N-Mihalincic,I (2030) Zadar 1995}) 14... Be6 15. Qd2 {[%emt 0:
00:00] [#] Strongly threatening Nh4.} h6 {[%emt 0:00:57] And now ...Bxb3 would
win.} 16. Be3 Bxe3 (16... Bxb3 {is
interesting.} 17. axb3 Bxe3 18. Rxe3 Nf4) 17. fxe3 Ng3+ 18. Nxg3 Qxg3 19. Qe1 Qxe1+ 20. Rexe1 Bxb3 21. axb3 f5 22. exf5 Rxf5 23. e4 Rf4 24. Rf1 Raf8 25. Kg1 Nd8 26. b4 Ne6 27. Rae1 R4f7 28. Re3 Nf4 29. Nd2 Rf6 30. Kh2 g5 31. d4 exd4 32. cxd4 Ne6 (32... d5 $15) 33. Rxf6 $11 Rxf6 {[%emt 0:00:06] Endgame KRN-KRN} 34. Nf3 Rf7 (34... d5 $5) 35. Rc3 c6 36.
d5 cxd5 37. exd5 Nc7 38. Nd2 Nxd5 39. Rd3 Nxb4 40. Rxd6 Kg7 41. Ne4 Nc2 42. Rb6 Ne3 43. Nc5 Nc4 44. Rb4 Nd6 45. Rb6 Nc4 46. Rb4 Na5 47. Rd4 Re7 48. Rd8 Nc4 49. b3 {[%emt 0:
00:00] The position is equal.} Na5 50. Rd6 Nc6 51. Nxb7 {[%emt 0:01:54] [#] Remove Defender} Rxb7 {
[%emt 0:00:09] Weighted Error Value: White=0.09 (flawless) /Black=0.11 (very
precise)} 1/2-1/2

[Event "44th Chess Olympiad Open 2022"]
[Site "Chennai"]
[Date "2022.08.06"]
[Round "8.42"]
[White "Rodgaard, John"]
[Black "Zhemba, Jemusse"]
[Result "1/2-1/2"]
[WhiteElo "2324"]
[BlackElo "2162"]
[Annotator "RC"]
[PlyCount "219"]
[EventDate "2022.??.??"]
[TimeControl "60"]

1. c4 e6 2. Nf3 Nf6 3. g3 d5 4. d4 Be7 5. Bg2 O-O 6. O-O dxc4 7. Qc2 a6 8. a4 Nc6 9. Qxc4 Qd5 10. Nbd2 Rd8 11. Qxd5 exd5 12. Nb3 Bf5 13. Bg5 Ne8 14. Bxe7 Nxe7 15. Rfc1 c6 16. a5 Nd6 17. Nc5 Re8 18. e3 Rad8 19. Bf1 Bc8 20. Bd3 f6 21. Kg2 Kf7 22. h4 Bf5 23.
Be2 Be4 24. Nxe4 Nxe4 25. Bd3 Nf5 26. Bxe4 Rxe4 27. Rc3 Re7 28. b3 h5 29. Rh1 Rg8 30. Rcc1 Nd6 31. Rc2 Kg6 32. Ne1 Nf5 33. Rc3 Rge8 34. Nd3 Kh6 35. Nf4 g6 36. Kf3 Nd6 37. Rc2 Rf8 38. Kg2 Kg7 39. Rh2 Rh8 40. Rc1 Kf7 41. Rc2 Nf5 42. Rc3 Rb8 43. Rh1 Rg8 44. Rh2 Ke8 45. Rh1 Kd7 46. Rh2 Kd6 47. Rh1 Rh7 48. Rcc1 Rh6 49. Rh2 Ng7 50. Nd3 Rb8 51. Rhh1 Ne6 52. Nc5 Nxc5 53. Rxc5 Rh7 54. Kf3 Re7 55. Rc3 Re4 56. Rc2 Rbe8 57. Rc3 Ke7 58. Ke2 Kf7 59. Kd2 Rh8 60. Kd3 g5 61. f3 Re7 62. Rc2 Kg6 63.
Rch2 Rhe8 64. Re2 Re6 65. Rhh2 Rd8 66. Rh1 Rg8 67. Reh2 Rge8 68. Re2 R6e7 69. Rhh2 Rb8 70. Ra2 Rc7 71. Ra1 Re7 72. Raa2 Rg8 73. Rh1 Reg7 74. Rah2 Rh7 75. Kd2 Rb8 76. Ra1 Rg8 77. Rah1 Rc8 78. Rc1 Re7 79. Kd3 Rg8 80. Rch1 Rge8 81. Re2 Rb8 82. Ra2 Re6 83. Rhh2 Re7 84. Rh1 Rbe8 85. Re2 Rg7 86. Reh2 Rh8 87. Kc3 g4 88. fxg4 Kf7 89. g5 fxg5 90. Rf2+ Ke6 91. Rhf1 gxh4 92. gxh4 Rhh7 93. Rf5 Rg4 94. Re5+ Kd7 95. Rf4 Re7 96. Rxh5 Rxe3+ 97. Kd2 Rgg3 98. Rf7+ Ke6 99. Rxb7 Rd3+ 100. Kc2 Rxd4 101.
Rh6+ Ke5 102. Re7+ Kf5 103. Rxc6 Rxh4 104. Re2 Rhh3 105. Rd2 Rxb3 106. Rxd5+ Ke4 107. Rdc5 Rb4 108. Rc4+ Rxc4+ 109. Rxc4+ Ke5 110. Kd1 1/2-1/2

[Event "44th Chess Olympiad Open 2022"]
[Site "Chennai"]
[Date "2022.08.06"]
[Round "8.42"]
[White "Mushore, Emarald Takudzwa"]
[Black "Egilstoft, Rogvi"]
[Result "1/2-1/2"]
[WhiteElo "2153"]
[BlackElo "2284"]
[Annotator "NA RC"]
[PlyCount "52"]
[EventDate "2022.??.??"]
[TimeControl "60"]

1. e4 e5 2. Nf3 Nc6 3. Bc4 Bc5 4. d3 Nf6 5. O-O O-O 6. c3 d5 7. exd5 Nxd5 8. Re1 Bg4 9. Nbd2 Nb6 10. h3 Bh5 11. Bb3 Be7 12. Ne4 Bg6 13.
Bc2 Qd7 14. Qe2 Rad8 15. b4 f6 16. Rd1 Qe8 17. a3 a6 18.
Qe1 Kh8 19. Bb2 Bh5 20. Qe2 Nd5 21. Ng3 Nf4 22. Qe3 Nd5 23.
Qe2 Nf4 24. Qe3 Nd5 25. Qe2 Nf4 26. Qe3 Nd5 1/2-1/2

[Event "44th Chess Olympiad Open 2022"]
[Site "Chennai"]
[Date "2022.08.06"]
[Round "8.42"]
[White "Mwadzura, Roy"]
[Black "Apol, Luitjen Akselsson"]
[Result "1-0"]
[WhiteElo "2093"]
[BlackElo "2289"]
[Annotator "NA RC"]
[PlyCount "51"]
[EventDate "2022.??.??"]
[TimeControl "60"]

1. e4 c5 2. Ne2 Nf6 3. d3 Nc6 4. g3 d5 5. Nd2 e5 6. Bg2 Be7 7. h3 h5 8. f4 h4 9. g4 exf4 10. Nxf4 dxe4 11. Nxe4 O-O 12. Be3 Re8 13. Qd2 Nd4 14. O-O-O Nxe4 15. Bxe4 Bg5 16. Kb1 Qd6 17. Nh5 Bxe3 18. Qxe3 Qe7 19. Rde1 Be6 20. g5 Bf5 21. Qf4 c4 22. Qxh4 c3 23. Nf6+ gxf6 24. gxf6 Qb4 25. Reg1+ Bg6 26. Rxg6+ 1-0

[Event "44th Chess Olympiad Open 2022"]
[Site "Chennai"]
[Date "2022.08.06"]
[Round "8.43"]
[White "Lazov, Toni"]
[Black "El Jawich, Amro"]
[Result "1-0"]
[WhiteElo "2374"]
[BlackElo "2314"]
[Annotator "ChessBase"]
[PlyCount "91"]
[EventDate "2022.??.??"]
[TimeControl "60"]

1. e4 c5 2. Nc3 Nc6 3. Bb5 Nd4 4. Nf3 a6 5. Bd3 g6 6. b4 cxb4 7. Nd5 Nc6 8. Bb2 f6 9. h4 e6 10. Ne3 h6 11. e5 f5 12. h5 g5 13. g4 f4 14. Bg6+ Ke7 15. Nc4 Bg7 16. Nd6 Kf8 17. Nf7 Qc7 18. d4 Nge7 19. Nxh8 Bxh8 20. a3 b5 21. Be4 Bb7 22. O-O Na5 23. Bxb7 Qxb7 24. Nd2 Rc8 25. axb4 Nc4 26. Nxc4 Rxc4 27. Qd3 Bg7 28. c3 Nd5 29. Ra3 Rc6 30. Bc1 Qc8 31. Bd2 Qb7 32. Rfa1 Nc7 33. Kh2 Nd5 34. R1a2 Nc7 35. Rc2 Rc4 36. Rc1 Qd5 37. Re1 Qb7 38. Rea1 Rc6 39. Bxf4 gxf4 40. g5 hxg5 41. Qh7 Rc4 42. h6 Bxe5 43. dxe5 Qf3 44. Qg7+ Ke8 45. Qg8+ Ke7 46. Qxg5+ 1-0

[Event "44th Chess Olympiad Open 2022"]
[Site "Chennai"]
[Date "2022.08.06"]
[Round "8.43"]
[White "Veljanoski, Andrej"]
[Black "Kassis, Antoine"]
[Result "1-0"]
[WhiteElo "2162"]
[BlackElo "2202"]
[Annotator "NA RC"]
[PlyCount "53"]
[EventDate "2022.??.??"]
[TimeControl "60"]

1. e4 c5 2. Nf3 Nc6 3. d4 cxd4 4. Nxd4 g6 5. c4 Nf6 6. Nc3 d6 7. Be2 Nxd4 8. Qxd4 Bg7 9. Be3 O-O 10. Qd2 Be6 11. O-O Qa5 12. f3 Rfc8 13. b3 a6 14. Rab1 b5 15. b4 Qc7 16. Nd5 Bxd5 17. cxd5 Qc3 18. Rfc1 Qxd2 19. Bxd2 Nd7 20. Be3 Rc3 21. Rxc3 Bxc3 22. Kf2 Kg7 23. Rb3 Bf6 24. Ra3 Bb2 25. Ra5 Rc8 26. Rxa6 Rc2 27. Rc6 1-0

[Event "44th Chess Olympiad Open 2022"]
[Site "Chennai"]
[Date "2022.08.06"]
[Round "8.43"]
[White "Kaloust, Giorgio"]
[Black "Stanojoski, Zvonko"]
[Result "0-1"]
[WhiteElo "1942"]
[BlackElo "2412"]
[Annotator "TA"]
[PlyCount "62"]
[EventDate "2022.??.??"]
[TimeControl "60"]

1. d4 g6 2. g3 Bg7 3. Bg2 c5 4. d5 d6 5. c4 Na6 6. Nf3 Nc7 7. a4 Nf6 8. Nc3 O-O 9. O-O Rb8 10. Qc2 {[%emt 0:05:58] [#] E64: King's Indian:
Fianchetto: 6...c5 7 d5.} Na6 $146 ({Predecessor:} 10... a6
11. a5 e6 12. e4 exd5 13. cxd5 Re8 14. Nd2 Nb5 15. Nc4 Ng4 16. Bf4 Nd4 17. Qd3
Ne5 18. Bxe5 Bxe5 19. Nxe5 Rxe5 {½-½ (42) Molina Mendoza,O (2214)-Cofre
Archibold,N (2364) Guayaquil 2018}) 11. e4 Bg4 12. h3 {[%emt 0:00:48] White is slightly better.} Bxf3 13.
Bxf3 Nb4 14. Qd1 e6 15. Bf4 {[%emt 0:04:13] White wants to play dxe6.} e5 ({Black should play} 15... exd5 $11 16. cxd5 (16. exd5 a6 $14) 16... a6
) 16. Be3 h6 17. Qd2 Kh7 18. Bg2 a6 19. f4 (19. Na2 $16) 19... Nh5 $11 20. fxe5 {[%emt 0:14:08] 
[#] And now g4 would win.} Nxg3 21. Rf3 Bxe5 22. Bxh6 Qe7 23.
Bxf8 Rxf8 24. Re1 Qh4 25. Qc1 (25. Qf2 $11) 25... Kg7 $15 26. Ne2 Nxe4 {[%emt 0:01:12] aiming for ...Ng5.0x0.
0024cc5f105adp-1022s more active pieces.} 27. Nc3 $2 {[%emt 0:00:49] This
costs White the game.} (27. Ref1 $17) 27... Ng5 $19 {[%emt 0:00:28] [#]
Discovered Attack. The board is on fire. Pair of Knights!} 28. Ref1 (28. Rfe3 $142 Bd4 29. Kh1) 28... Nxf3+ 29. Rxf3 Qxc4 30. Qd2 Qd4+ 31. Rf2 (31. Qxd4 $142 Bxd4+ 32. Kh2) 31... Nd3 {
[%emt 0:00:34] Weighted Error Value: White=0.74/Black=0.18 (very precise)} 0-1